 Dungeon Crawl Stone Soup version 0.18-a0-1639-g7533f42 (webtiles) character file.

42 M4edhros the Poker (level 3, -1/26 HPs)
             Began as an Octopode Fighter on Mar 27, 2016.
             Slain by an adder (5 damage)
             ... on level 2 of the Dungeon.
             The game lasted 00:00:57 (931 turns).

M4edhros the Poker (Octopode Fighter)                Turns: 931, Time: 00:00:58

Health: -1/26      AC:  1    Str: 15    XL:     3   Next: 54%
Magic:  3/3        EV: 10    Int: 10    God:
Gold:   101        SH:  8    Dex: 12    Spells: 0 memorised, 2 levels left

rFire  . . .     SeeInvis .     e - -3 spear (curse)
rCold  . . .     Gourm    .     b - +0 shield
rNeg   . . .     Faith    .     (helmet restricted)
rPois  .         Spirit   .     (no amulet)
rElec  .         Dismiss  .     (no ring)
rCorr  .         Reflect  .     (no ring)
SustAt .         Harm     .     (no ring)
MR     .....                    (no ring)
Stlth  ++........               (no ring)
                                (no ring)
                                (no ring)
                                (no ring)

@: not resistant to hostile enchantments, unstealthy
A: almost no armour, amphibious, 8 rings, constrict 8, camouflage 1, gelatinous
body 1
a: no special abilities


You were on level 2 of the Dungeon.
You were not hungry.

You visited 1 branch of the dungeon, and saw 2 of its levels.

You collected 101 gold pieces.

Inventory:

Hand Weapons
 a - a +0 trident
 e - a cursed -3 spear (weapon)
 f - a +1 hunting sling
Missiles
 g - 50 stones (quivered)
Armour
 b - a +0 shield (worn)
Scrolls
 h - a scroll of fog
 j - a scroll of amnesia
 n - a scroll of teleportation
 o - a scroll of remove curse {unknown}
Potions
 c - a potion of might
 i - a potion of lignification {unknown}
 k - a potion of degeneration {unknown}
 l - a potion of heal wounds {unknown}
Comestibles
 d - 3 bread rations
 m - 5 fruits


   Skills:
 - Level 3.0 Fighting
 + Level 3.8 Polearms
 - Level 3.0 Dodging
 - Level 3.0 Shields


You had 2 spell levels left.
You didn't know any spells.

Dungeon Overview and Level Annotations

Branches:
Dungeon (2/15)

Altars:
Elyvilon


Innate Abilities, Weirdness & Mutations

You cannot wear most types of armour.
You are amphibious.
You can wear up to eight rings at the same time.
You can use your tentacles to constrict eight enemies at once.
Your skin changes colour to match your surroundings (Stealth).
Your rubbery body absorbs attacks (AC +1).


Message History

An adder is nearby!
You barely miss the adder. Your grab misses the adder.
Your squeeze misses the adder. The adder misses you.
An adder is nearby!
An adder is nearby!
You miss the adder. You grab the adder. You constrict the adder.
You block the adder's attack.
An adder is nearby!
You hit the adder but do no damage.
The adder is lightly wounded.
You constrict the adder. The adder bites you. You block the adder's attack.
An adder is nearby!
You hit the adder but do no damage.
The adder is moderately wounded.
You constrict the adder. The adder bites you.
* * * LOW HITPOINT WARNING * * *
You hit the adder.
The adder is heavily wounded.
You constrict the adder. The adder bites you.
You die...

# #.#**#..###.###.<##..# *,* *,
###.# #.#.#.......##..# *,* *,
..#.## #.##.######.##..# *,* *,
#....###.##.######.##..#####,* *,
.........##.##........<......* *,
#....######.##.###.#...######* *,
#.#.#######.##.#####.#.# **
.....................#.# ********
...........#####@###.#.#**,,,,,,,
##########.....#S# #.#..,,,******
#####.#%#*#(#.#**** *,#..,...,*
*,#.#****** *,..# **###


You could see an adder.

Vanquished Creatures
  An adder (D:2)
  2 worms (D:2)
  3 dart slugs (D:1)
  4 bats
  A giant cockroach (D:2)
  4 goblins
  A hobgoblin (D:2)
  2 quokkas (D:2)
  A ball python (D:2)
  2 rats (D:2)
21 creatures vanquished.

Notes
Turn   | Place    | Note
--------------------------------------------------------------
     0 | D:1      | M4edhros the Octopode Fighter began the quest for the Orb.
     0 | D:1      | Reached XP level 1. HP: 16/16 MP: 1/1
   178 | D:1      | Reached XP level 2. HP: 21/21 MP: 2/2
   745 | D:2      | Found a white marble altar of Elyvilon.
   833 | D:2      | Reached XP level 3. HP: 26/26 MP: 3/3
   931 | D:2      | Slain by an adder

Vault maps used:
D:1:      minmay_arrival_arboretum_small, serial_park_tiny_1
D:2:      lemuel_doored_altar, grunt_ministairs_12, minmay_misc_feat_encased

Skill      XL: |  1  2 |
---------------+-------+-----
Polearms       | 3 |  3.8
Fighting       | |  3.0
Dodging        | |  3.0
Shields        | |  3.0

Action                   || total
-------------------------++-------
Melee: Spear             ||    64
       Trident           ||     5
  Use: Scroll            ||     6
 Stab: Sleeping          ||     5
